 Dungeon Crawl Stone Soup version 0.30-a0-802-gb92711bcdf (webtiles) character file.

Game seed: 16208438571057287663

57 jasper the Slasher (level 3, -1/25 (28) HPs)
             Began as a Demonspawn Reaver on Feb 24, 2023.
             Slain by a gnoll
             ... wielding a +0 spear
              (4 damage)
             ... on level 2 of the Dungeon.
             The game lasted 00:03:51 (1127 turns).

jasper the Slasher (Demonspawn Reaver)              Turns: 1127, Time: 00:03:52

HP:   -1/25 (28)    AC: 11    Str: 14    XL:     3   Next: 73%
MP:   6/6           EV: 10    Int: 14    God:
Gold: 72            SH:  0    Dex: 11    Spells: 5/6 levels left

rFire   . . .      SeeInvis .    a - +0 falchion
rCold   . . .      Faith    .    (no shield)
rNeg    . . .      Spirit   .    f - +0 ring mail
rPois   .          Reflect  .    h - +2 hood of the Assassin {Detect Stab+ Stlth++}
rElec   .          Harm     .    (no cloak)
rCorr   .          Rampage  .    (no gloves)
Will    .....                    (no boots)
Stlth   +++                      (no amulet)
HPRegen 0.24/turn                j - +4 ring of protection
MPRegen 0.10/turn                (no ring)

@: attractive, hasted, heavily drained, very quick
A: antennae 1
a: no special abilities


You were on level 2 of the Dungeon.
You visited 1 branch of the dungeon, and saw 2 of its levels.

You collected 72 gold pieces.

Inventory:

Hand Weapons
 a - a +0 falchion (weapon)
Missiles
 d - a throwing net
 e - 19 stones (quivered)
Armour
 b - a +0 leather armour
 f - a +0 ring mail (worn)
 h - the +2 hood of the Assassin (worn) {Detect Stab+ Stlth++}
   (You acquired it on level 1 of the Dungeon)

   Detect:    It allows the wearer to sense nearby creatures.
   Stab+:     It allows the wearer to make particularly effective stabbing
   attacks against helpless or unaware enemies with any weapon.
   Stlth:     It makes you much more stealthy.
Jewellery
 j - a +4 ring of protection (left hand)
Scrolls
 c - a scroll of teleportation


   Skills:
 + Level 2.7 Fighting
 * Level 3.8 Long Blades
 - Level 1.7 Dodging
 + Level 0.5 Stealth
 - Level 2.0 Spellcasting
 - Level 3.0 Conjurations


You had 5 spell levels left.
You knew the following spells:

 Your Spells              Type           Power      Damage    Failure   Level
a - Kiss of Death         Conj/Necr      20%        2d7       26%         1

Your spell library contained the following spells:

 Spells                   Type           Power      Damage    Failure   Level
 Momentum Strike          Conj/Tloc      10%        3d8       36%         2
 Hailstorm                Conj/Ice       5%         3d4       61%         3


Dungeon Overview and Level Annotations

Branches:
Dungeon (2/15)

Altars:


Innate Abilities, Weirdness & Mutations

You have a pair of small antennae on your head.


Message History

You take 2 damage, and have 15/25 hp.
You hit the gnoll but do no damage.
The gnoll is almost dead.
The gnoll hits you with a +0 spear. The gnoll barely misses you.
You take 5 damage, and have 10/25 hp.
MP restored: 6 The gnoll barely misses you.
Okay, then.
It was a potion of haste.
You feel yourself speed up. The gnoll hits you but does no damage.
It was a potion of attraction.
You feel attractive to monsters. The gnoll hits you but does no damage.
The gnoll is attracted toward you. x2
You barely miss the gnoll.
The gnoll is almost dead.
You hit the gnoll but do no damage.
The gnoll is almost dead.
The gnoll hits you with a +0 spear.
* * * LOW HITPOINT WARNING * * *
The gnoll hits you but does no damage.
You take 5 damage, and have 7/25 hp.
You hit the gnoll.
The gnoll is almost dead.
The gnoll closely misses you.
The gnoll hits you from afar with a +0 spear.
* * * LOW HITPOINT WARNING * * *
You take 2 damage, and have 5/25 hp.
You hit the gnoll but do no damage.
The gnoll is almost dead.
You closely miss the gnoll.
The gnoll is almost dead.
The gnoll hits you with a +0 spear.
* * * LOW HITPOINT WARNING * * *
The gnoll hits you but does no damage.
You take 2 damage, and have 3/25 hp.
You closely miss the gnoll.
The gnoll is almost dead.
The gnoll barely misses you.
The gnoll hits you from afar with a +0 spear.
You die...

#.# ######.####~≈
#.# #....#...88~≈
#.# #....#.......
#)# #....#.......
#.####....#...88~~
#.#......)†.#..##~
#g#.#########..##~
#g#.# ............
#@#.# ##..###<....
#.#.# # #.......
#.#.# #.#...#.
#######.#.#
#.#####.
........#'#+## #
########.....#
#.....# #.....#
#..........


You could see 2 gnolls.

Vanquished Creatures
  A gnoll (D:2)
  An adder (D:2)
  2 ball pythons
  3 bats (D:1)
  2 endoplasms
  A giant cockroach (D:1)
  3 goblins (D:1)
  3 hobgoblins
  5 jackals (D:1)
  3 kobolds
  3 quokkas (D:1)
  A frilled lizard (D:1)
  6 rats
34 creatures vanquished.

Vanquished Creatures (others)
  2 fungi (D:2)
  3 plants (D:2)
5 creatures vanquished.

Grand Total: 39 creatures vanquished

Notes
Turn   | Place    | Note
-------+----------+-------------------------------------------
     0 | D:1      | jasper the Demonspawn Reaver began the quest for the Orb.
     0 | D:1      | Reached XP level 1. HP: 16/16 MP: 3/3
   195 | D:1      | Gained mutation: You have a pair of small antennae on your
                  | head. [demonic ancestry]
   195 | D:1      | Reached XP level 2. HP: 19/21 MP: 5/5
   625 | D:1      | Reached XP level 3. HP: 21/25 MP: 6/6
   917 | D:1      | Identified a scroll of acquirement
   917 | D:1      | Acquired the +2 hood of the Assassin {Detect Stab+ Stlth++}
   917 | D:1      | Found the +2 hood of the Assassin {Detect Stab+ Stlth++}
  1127 | D:2      | Slain by a gnoll

Illustrated notes

Levels and vault maps discovered:
D:1:      heliophobic_arrival_enchanted_forest, layout_basic
D:2:      wander_river, layout_basic, dreamdust_ecumenical_altar_grove,
          uniq_sigmund

Skill      XL: |  1 |
---------------+----+-----
Long Blades    | 3 |  3.8
Fighting       | |  2.7
Dodging        | |  1.7
Stealth        | |  0.5
Spellcasting   | |  2.0
Conjurations   | |  3.0

Action                     || total
---------------------------++-------
  Melee: Falchion          ||   116
         Punch             ||     1
  Throw: Stone             ||     3
   Cast: Kiss of Death     ||     3
    Use: Scroll            ||     3
         Potion            ||     2
   Stab: Sleeping          ||     2
 Armour: Leather armour    ||     4
         Ring mail         ||    59
  Dodge: Dodged            ||    76

Table legend: (Time is in decaauts)
 A = Elapsed time spent in this place.
 B = Non-inter-level travel time spent in this place.
 C = Inter-level travel time spent in this place.
 D = Time resting spent in this place.
 E = Time spent auto-exploring this place.
 F = Levels seen in this place.
 G = Mean time per level.
                   A        B        C        D        E       F      G
               +--------+--------+--------+--------+--------+-----+--------+
         Total |   1143 |   1143 |      0 |      0 |    733 |   2 |  571.5 |
       Dungeon |   1143 |   1143 |      0 |      0 |    733 |   2 |  571.5 |
               +--------+--------+--------+--------+--------+-----+--------+

Top non-repeatable levels by time:
     D:1: 945 daAuts
     D:2: 198 daAuts
